Workbook
Name INDICES: OFFSET('(ORÇAMENTO)'!#REF!,1,0):OFFSET('(ORÇAMENTO)'!#REF!,-1,0)
Name INDICES: OFFSET(#REF!,1,0):OFFSET(#REF!,-1,0)
Name ORÇAMENTO: #REF!

Sheet (COMPOSIÇÕES GERAL)
M1: COM | N1: SEM
B2: COMPOSIÇÕES DE CUSTOS UNITÁRIOS COMPLEMENTARES | M2: 58,53
B4: =#REF! -> #REF!
B5: =#REF! -> #REF!
B6: =#REF! -> #REF!
B7: =#REF! -> #REF!
B9: FORNECIMENTO E INSTALAÇÃO DE PLACA DE OBRA COM CHAPA GALVANIZADA E ESTRUTURA DE MADEIRA. | L9: 01
B11: COMPOSIÇÃO 01 | D11: Código de referência (origem dos coeficientes da composição): | E11: SINAPI-PE 103689 (AGOSTO/2023)
D12: Discriminação do código de referência: | E12: PLACA DE OBRA EM CHAPA DE ACO GALVANIZADO
D14: Unidade: | E14: M² | F14: Custo Unitário: | G14: =H24 -> 297.69 | I14: =J24 -> 301.12
D15: Quantidade: | E15: 1
G16: COM DESONERAÇÂO | I16: SEM DESONERAÇÂO
B17: Fonte | C17: Código | D17: Composição | E17: Unidade | F17: Coeficiente | G17: Custo Unitário | H17: Custo Total | I17: Custo Unitário | J17: Custo Total
B18: SINAPI INSUMO | C18: 4509 | D18: SARRAFO *2,5 X 10* CM EM PINUS, MISTA OU EQUIVALENTE DA REGIAO - BRUTA | E18: M | F18: 3,2083000 | G18: 5.27 | H18: =TRUNC($F18*G18,2) -> 16.9 | I18: 5.27 | J18: =TRUNC($F18*I18,2) -> 16.9
B19: SINAPI INSUMO | C19: 4813 | D19: PLACA DE OBRA (PARA CONSTRUCAO CIVIL) EM CHAPA GALVANIZADA *N. 22*, ADESIVADA, DE *2,4 X 1,2* M (SEM POSTES PARA FIXACAO) | E19: M2 | F19: 1,0000000 | G19: 250 | H19: =TRUNC($F19*G19,2) -> 250 | I19: 250 | J19: =TRUNC($F19*I19,2) -> 250
B20: SINAPI INSUMO | C20: 5065 | D20: PREGO DE ACO POLIDO COM CABECA 10 X 10 (7/8 X 17) | E20: KG | F20: 0,0113000 | G20: 38.5 | H20: =TRUNC($F20*G20,2) -> 0.43 | I20: 38.5 | J20: =TRUNC($F20*I20,2) -> 0.43
B21: SINAPI INSUMO | C21: 5069 | D21: PREGO DE ACO POLIDO COM CABECA 17 X 27 (2 1/2 X 11) | E21: KG | F21: 0,0132000 | G21: 19.18 | H21: =TRUNC($F21*G21,2) -> 0.25 | I21: 19.18 | J21: =TRUNC($F21*I21,2) -> 0.25
B22: SINAPI COMPOSIÇÃO | C22: 88262 | D22: CARPINTEIRO DE FORMAS COM ENCARGOS COMPLEMENTARES | E22: H | F22: 0,3729000 | G22: 23.33 | H22: =TRUNC($F22*G22,2) -> 8.69 | I22: 26.13 | J22: =TRUNC($F22*I22,2) -> 9.74
B23: SINAPI COMPOSIÇÃO | C23: 88316 | D23: SERVENTE COM ENCARGOS COMPLEMENTARES | E23: H | F23: 1,1186000 | G23: 19.15 | H23: =TRUNC($F23*G23,2) -> 21.42 | I23: 21.28 | J23: =TRUNC($F23*I23,2) -> 23.8
G24: Total | H24: =TRUNC(SUM(H18:H23),2) -> 297.69 | I24: Total | J24: =TRUNC(SUM(J18:J23),2) -> 301.12
B27: ADMINISTRAÇÃO LOCAL DE OBRA | L27: 2
B30: COMPOSIÇÃO 02 | D30: Código de referência (origem dos coeficientes da composição):
D31: Discriminação do código de referência: | E31: ADMINISTRAÇÃO LOCAL DE OBRA
D35: Unidade: | E35: UN | F35: Custo Unitário: | G35: =H41 -> 37371.2 | I35: =J41 -> 43056
D36: Quantidade: | E36: 1
G37: COM DESONERAÇÂO | I37: SEM DESONERAÇÂO
B38: Fonte | C38: Código | D38: Composição | E38: Unidade | F38: Coeficiente | G38: Custo Unitário | H38: Custo Total | I38: Custo Unitário | J38: Custo Total | L38: DIA POR MêS | O38: TOTAL DE MÊS | P38: H
B39: SINAPI COMPOSIÇÃO | C39: 90776 | D39: ENCARREGADO GERAL COM ENCARGOS COMPLEMENTARES (2 DIAS POR SEMANA) | E39: H | F39: 640 | G39: 33.86 | H39: =TRUNC($F39*G39,2) -> 21670.4 | I39: 38.89 | J39: =TRUNC($F39*I39,2) -> 24889.6 | L39: =2*4 -> 8 | O39: 10 | P39: =L39*O39 -> 80 | Q39: =P39*8 -> 640
B40: SINAPI COMPOSIÇÃO | C40: 90777 | D40: ENGENHEIRO CIVIL DE OBRA JUNIOR COM ENCARGOS COMPLEMENTARES (4h POR SEMANA) | E40: H | F40: 160 | G40: 98.13 | H40: =TRUNC($F40*G40,2) -> 15700.8 | I40: 113.54 | J40: =TRUNC($F40*I40,2) -> 18166.4 | L40: =0.5*4 -> 2 | O40: 10 | P40: =L40*O40 -> 20 | Q40: =P40*8 -> 160
G41: Total | H41: =TRUNC(SUM(H39:H40),2) -> 37371.2 | I41: Total | J41: =TRUNC(SUM(J39:J40),2) -> 43056
B43: ALVENARIA EM TIJOLO CERAMICO FURADO 9X19X19CM, 1 VEZ (ESPESSURA 19 CM), ASSENTADO EM ARGAMASSA TRACO 1:4, JUNTAS DE 1 CM | L43: 03
B45: COMPOSIÇÃO 03 | D45: Código de referência (origem dos coeficientes da composição): | E45: SINAPI-PE 73935/2 (AGOSTO/2016) | M45: COMPESA 11.01.02U (ABRIL 2017)
D46: Discriminação do código de referência: | E46: ALVENARIA EM TIJOLO CERAMICO FURADO 9X19X19CM, 1 VEZ (ESPESSURA 19 CM), ASSENTADO EM ARGAMASSA TRACO 1:4 (CIMENTO E AREIA MEDIA NAO PENEIRADA), PREPARO MANUAL, JUNTA1 CM | M46: mesmo da tabela compesa abril de 2017
M47: sinapi pe agosto de 2016 último ano a ser publicada
D50: Unidade: | E50: M2 | F50: Custo Unitário: | G50: =H58 -> 77.67 | I50: =J58 -> 82.91
D51: Quantidade: | E51: 1
G52: COM DESONERAÇÂO | I52: SEM DESONERAÇÂO
B53: Fonte | C53: Código | D53: Composição | E53: Unidade | F53: Coeficiente | G53: Custo Unitário | H53: Custo Total | I53: Custo Unitário | J53: Custo Total
B54: SINAPI COMPOSIÇÃO | C54: 88630 | D54: ARGAMASSA TRAÇO 1:4 (CIMENTO E AREIA MÉDIA), PREPARO MECÂNICO COM BETONEIRA 400 L. AF_08/2014 | E54: M3 | F54: 0.0138 | G54: 494,62 | H54: =TRUNC($F54*G54,2) -> 6.82 | I54: 505.44 | J54: =TRUNC($F54*I54,2) -> 6.97
B55: SINAPI COMPOSIÇÃO | C55: 88309 | D55: PEDREIRO COM ENCARGOS COMPLEMENTARES | E55: H | F55: 1.14 | G55: 23.69 | H55: =TRUNC($F55*G55,2) -> 27 | I55: 26.51 | J55: =TRUNC($F55*I55,2) -> 30.22
B56: SINAPI COMPOSIÇÃO | C56: 88316 | D56: SERVENTE COM ENCARGOS COMPLEMENTARES | E56: H | F56: 0.88 | G56: 19.15 | H56: =TRUNC($F56*G56,2) -> 16.85 | I56: 21.28 | J56: =TRUNC($F56*I56,2) -> 18.72
B57: SINAPI INSUMO | C57: 7271 | D57: BLOCO CERAMICO VAZADO PARA ALVENARIA DE VEDACAO, 8 FUROS, DE 9 X 19 X 19 CM (L XA X C) | E57: UN | F57: 54 | G57: 0.5 | H57: =TRUNC($F57*G57,2) -> 27 | I57: 0.5 | J57: =TRUNC($F57*I57,2) -> 27
G58: Total | H58: =TRUNC(SUM(H54:H57),2) -> 77.67 | I58: Total | J58: =TRUNC(SUM(J54:J57),2) -> 82.91
B60: REVESTIMENTO CERÂMICO PARA PAREDE, 10 X 10 CM, APLICADO COM ARGAMASSA COLANTE AC-II, REJUNTADO | L60: 04
B62: COMPOSIÇÃO 04 | D62: Código de referência (origem dos coeficientes da composição): | E62: 04441/ORSE (DEZEMBRO/2020)
D63: Discriminação do código de referência: | E63: Revestimento cerâmico para parede, 10 x 10 cm, Elizabeth, linha lux cardinal, aplicado com argamassa industrializada ac-ii, rejuntado, exclusive regularização de base ou emboço - Rev 04
D67: Unidade: | E67: M2 | F67: Custo Unitário: | G67: =H76 -> 83.28 | I67: =J76 -> 85.13
D68: Quantidade: | E68: 1
G69: COM DESONERAÇÂO | I69: SEM DESONERAÇÂO
B70: Fonte | C70: Código | D70: Composição | E70: Unidade | F70: Coeficiente | G70: Custo Unitário | H70: Custo Total | I70: Custo Unitário | J70: Custo Total
B71: SINAPI COMPOSIÇÃO | C71: 88309 | D71: PEDREIRO COM ENCARGOS COMPLEMENTARES | E71: H | F71: 0.4 | G71: 23.69 | H71: =TRUNC($F71*G71,2) -> 9.47 | I71: 26.51 | J71: =TRUNC($F71*I71,2) -> 10.6
B72: SINAPI COMPOSIÇÃO | C72: 88316 | D72: SERVENTE COM ENCARGOS COMPLEMENTARES | E72: H | F72: 0.34 | G72: 19.15 | H72: =TRUNC($F72*G72,2) -> 6.51 | I72: 21.28 | J72: =TRUNC($F72*I72,2) -> 7.23
B73: ORSE INSUMO | C73: 7068 | D73: CERÂMICA 10 X 10 CM, TECNOGRES, LINHA BRILHANTE, REF. BR10060 OU SIMILAR | E73: M² | F73: 1.05 | G73: 53.9 | H73: =TRUNC($F73*G73,2) -> 56.59 | I73: 53.9 | J73: =TRUNC($F73*I73,2) -> 56.59
B74: SINAPI INSUMO | C74: 34357 | D74: REJUNTE CIMENTICIO, QUALQUER COR | E74: KG | F74: 0.66 | G74: 5.57 | H74: =TRUNC($F74*G74,2) -> 3.67 | I74: 5.57 | J74: =TRUNC($F74*I74,2) -> 3.67
B75: SINAPI INSUMO | C75: 34353 | D75: ARGAMASSA COLANTE AC II | E75: KG | F75: 4 | G75: 1.76 | H75: =TRUNC($F75*G75,2) -> 7.04 | I75: 1.76 | J75: =TRUNC($F75*I75,2) -> 7.04
G76: Total | H76: =TRUNC(SUM(H71:H75),2) -> 83.28 | I76: Total | J76: =TRUNC(SUM(J71:J75),2) -> 85.13
B78: PONTO DE ESGOTO COM TUBO DE PVC RÍGIDO SOLDÁVEL DE Ø 100 MM (VASO SANITÁRIO, RALO, ETC) | L78: 05
B80: COMPOSIÇÃO 05 | D80: Código de referência (origem dos coeficientes da composição): | E80: ORSE 01683 (MAIO/2019)
D81: Discriminação do código de referência: | E81: PONTO DE ESGOTO COM TUBO DE PVC RÍGIDO SOLDÁVEL DE Ø 100 MM (VASO SANITÁRIO)
D84: Unidade: | E84: UN | F84: Custo Unitário: | G84: =H95 -> 124.52 | I84: =J95 -> 126.49
D85: Quantidade: | E85: 1
G86: COM DESONERAÇÂO | I86: SEM DESONERAÇÂO
B87: Fonte | C87: Código | D87: Composição | E87: Unidade | F87: Coeficiente | G87: Custo Unitário | H87: Custo Total | I87: Custo Unitário | J87: Custo Total
B88: SINAPI INSUMO | C88: 122 | D88: ADESIVO PLASTICO PARA PVC, FRASCO COM 850 GR | E88: UN | F88: 0.0176 | G88: 57.7 | H88: =TRUNC($F88*G88,2) -> 1.01 | I88: 57.7 | J88: =TRUNC($F88*I88,2) -> 1.01
B89: SINAPI INSUMO | C89: 13 | D89: ESTOPA | E89: KG | F89: 0.05 | G89: 23.09 | H89: =TRUNC($F89*G89,2) -> 1.15 | I89: 23.09 | J89: =TRUNC($F89*I89,2) -> 1.15
B90: SINAPI INSUMO | C90: 3520 | D90: JOELHO PVC, SOLDAVEL, PB, 90 GRAUS, DN 100 MM, PARA ESGOTO PREDIAL | E90: UN | F90: 2 | G90: 9.2 | H90: =TRUNC($F90*G90,2) -> 18.4 | I90: 9.2 | J90: =TRUNC($F90*I90,2) -> 18.4
B91: SINAPI INSUMO | C91: 9836 | D91: TUBO PVC SERIE NORMAL, DN 100 MM, PARA ESGOTO PREDIAL (NBR 5688) | E91: M | F91: 4 | G91: 16.5 | H91: =TRUNC($F91*G91,2) -> 66 | I91: 16.5 | J91: =TRUNC($F91*I91,2) -> 66
B92: SINAPI INSUMO | C92: 10908 | D92: JUNCAO DE REDUCAO INVERTIDA, PVC SOLDAVEL, 100 X 50 MM, SERIE NORMAL PARA ESGOTO PREDIAL | E92: UN | F92: 1 | G92: 21.12 | H92: =TRUNC($F92*G92,2) -> 21.12 | I92: 21.12 | J92: =TRUNC($F92*I92,2) -> 21.12
B93: SINAPI COMPOSIÇÃO | C93: 88267 | D93: ENCANADOR OU BOMBEIRO HIDRÁULICO COM ENCARGOS COMPLEMENTARES | E93: H | F93: 0.4 | G93: 22.95 | H93: =TRUNC($F93*G93,2) -> 9.18 | I93: 25.76 | J93: =TRUNC($F93*I93,2) -> 10.3
B94: SINAPI COMPOSIÇÃO | C94: 88316 | D94: SERVENTE COM ENCARGOS COMPLEMENTARES | E94: H | F94: 0.4 | G94: 19.15 | H94: =TRUNC($F94*G94,2) -> 7.66 | I94: 21.28 | J94: =TRUNC($F94*I94,2) -> 8.51
G95: Total | H95: =TRUNC(SUM(H88:H94),2) -> 124.52 | I95: Total | J95: =TRUNC(SUM(J88:J94),2) -> 126.49
B97: PONTO DE ESGOTO COM TUBO DE PVC RÍGIDO SOLDÁVEL DE Ø 40 MM (LAVATÓRIOS, MICTÓRIOS, RALOS SIFONADOS, ETC.) | L97: 06
B99: COMPOSIÇÃO 06 | D99: Código de referência (origem dos coeficientes da composição): | E99: ORSE 01679 (MAIO/2019)
D100: Discriminação do código de referência: | E100: PONTO DE ESGOTO COM TUBO DE PVC RÍGIDO SOLDÁVEL DE Ø 40 MM (LAVATÓRIOS, MICTÓRIOS, RALOS SIFONADOS, ETC.). (CONF. COMPOSIÇÃO ORSE 01679)
D104: Unidade: | E104: UN | F104: Custo Unitário: | G104: =H117 -> 83.04 | I104: =J117 -> 86.26
D105: Quantidade: | E105: 1
G106: COM DESONERAÇÂO | I106: SEM DESONERAÇÂO
B107: Fonte | C107: Código | D107: Composição | E107: Unidade | F107: Coeficiente | G107: Custo Unitário | H107: Custo Total | I107: Custo Unitário | J107: Custo Total
B108: SINAPI INSUMO | C108: 122 | D108: ADESIVO PLASTICO PARA PVC, FRASCO COM 850 GR | E108: UN | F108: =0.039*(1/0.85) -> 0.045882353 | G108: 57.7 | H108: =TRUNC($F108*G108,2) -> 2.64 | I108: 57.7 | J108: =TRUNC($F108*I108,2) -> 2.64
B109: SINAPI INSUMO | C109: 20078 | D109: PASTA LUBRIFICANTE PARA TUBOS E CONEXOES COM JUNTA ELASTICA (USO EM PVC, ACO, POLIETILENO E OUTROS) ( DE *400* G) | E109: UN | F109: =0.09*(1/0.4) -> 0.225 | G109: 23.81 | H109: =TRUNC($F109*G109,2) -> 5.35 | I109: 23.81 | J109: =TRUNC($F109*I109,2) -> 5.35
B110: SINAPI INSUMO | C110: 20083 | D110: SOLUCAO PREPARADORA / LIMPADORA PARA PVC, FRASCO COM 1000 CM3 | E110: UN | F110: 0.06 | G110: 65.38 | H110: =TRUNC($F110*G110,2) -> 3.92 | I110: 65.38 | J110: =TRUNC($F110*I110,2) -> 3.92
B111: SINAPI INSUMO | C111: 3516 | D111: JOELHO PVC, SOLDAVEL, BB, 45 GRAUS, DN 40 MM, PARA ESGOTO PREDIAL | E111: UN | F111: 3 | G111: 2.59 | H111: =TRUNC($F111*G111,2) -> 7.77 | I111: 2.59 | J111: =TRUNC($F111*I111,2) -> 7.77
B112: SINAPI INSUMO | C112: 3517 | D112: JOELHO PVC, SOLDAVEL, BB, 90 GRAUS, DN 40 MM, PARA ESGOTO PREDIAL | E112: UN | F112: 3 | G112: 2.34 | H112: =TRUNC($F112*G112,2) -> 7.02 | I112: 2.34 | J112: =TRUNC($F112*I112,2) -> 7.02
B113: SINAPI INSUMO | C113: 3767 | D113: LIXA EM FOLHA PARA PAREDE OU MADEIRA, NUMERO 120 (COR VERMELHA) | E113: UN | F113: 0.2 | G113: 0.79 | H113: =TRUNC($F113*G113,2) -> 0.15 | I113: 0.79 | J113: =TRUNC($F113*I113,2) -> 0.15
B114: SINAPI INSUMO | C114: 9835 | D114: TUBO PVC SERIE NORMAL, DN 40 MM, PARA ESGOTO PREDIAL (NBR 5688) | E114: M | F114: 4 | G114: 7.21 | H114: =TRUNC($F114*G114,2) -> 28.84 | I114: 7.21 | J114: =TRUNC($F114*I114,2) -> 28.84
B115: SINAPI COMPOSIÇÃO | C115: 88267 | D115: ENCANADOR OU BOMBEIRO HIDRÁULICO COM ENCARGOS COMPLEMENTARES | E115: H | F115: 0.65 | G115: 22.95 | H115: =TRUNC($F115*G115,2) -> 14.91 | I115: 25.76 | J115: =TRUNC($F115*I115,2) -> 16.74
B116: SINAPI COMPOSIÇÃO | C116: 88316 | D116: SERVENTE COM ENCARGOS COMPLEMENTARES | E116: H | F116: 0.65 | G116: 19.15 | H116: =TRUNC($F116*G116,2) -> 12.44 | I116: 21.28 | J116: =TRUNC($F116*I116,2) -> 13.83
G117: Total | H117: =TRUNC(SUM(H108:H116),2) -> 83.04 | I117: Total | J117: =TRUNC(SUM(J108:J116),2) -> 86.26
B119: PONTO DE ESGOTO COM TUBO DE PVC RÍGIDO SOLDÁVEL DE Ø 50 MM (PIAS DE COZINHA, MÁQUINAS DE LAVAR, ETC.) | L119: 07
B121: COMPOSIÇÃO 07 | D121: Código de referência (origem dos coeficientes da composição): | E121: ORSE 01678 (MAIO/2019)
D122: Discriminação do código de referência: | E122: PONTO DE ESGOTO COM TUBO DE PVC RÍGIDO SOLDÁVEL DE Ø 50 MM (PIAS DE COZINHA, MÁQUINAS DE LAVAR, ETC.)
D125: Unidade: | E125: UN | F125: Custo Unitário: | G125: =H139 -> 136.09 | I125: =J139 -> 137.57
D126: Quantidade: | E126: 1
G127: COM DESONERAÇÂO | I127: SEM DESONERAÇÂO
B128: Fonte | C128: Código | D128: Composição | E128: Unidade | F128: Coeficiente | G128: Custo Unitário | H128: Custo Total | I128: Custo Unitário | J128: Custo Total
B129: SINAPI INSUMO | C129: 122 | D129: ADESIVO PLASTICO PARA PVC, FRASCO COM 850 GR | E129: UN | F129: 0.0176 | G129: 57.7 | H129: =TRUNC($F129*G129,2) -> 1.01 | I129: 57.7 | J129: =TRUNC($F129*I129,2) -> 1.01
B130: SINAPI INSUMO | C130: 20078 | D130: PASTA LUBRIFICANTE PARA TUBOS E CONEXOES COM JUNTA ELASTICA (USO EM PVC, ACO, POLIETILENO E OUTROS) ( DE *400* G) | E130: UN | F130: 0.15 | G130: 23.81 | H130: =TRUNC($F130*G130,2) -> 3.57 | I130: 23.81 | J130: =TRUNC($F130*I130,2) -> 3.57
B131: SINAPI INSUMO | C131: 20083 | D131: SOLUCAO PREPARADORA / LIMPADORA PARA PVC, FRASCO COM 1000 CM3 | E131: UN | F131: 0.023 | G131: 65.38 | H131: =TRUNC($F131*G131,2) -> 1.5 | I131: 65.38 | J131: =TRUNC($F131*I131,2) -> 1.5
B132: SINAPI INSUMO | C132: 13 | D132: ESTOPA | E132: KG | F132: 0.05 | G132: 23.09 | H132: =TRUNC($F132*G132,2) -> 1.15 | I132: 23.09 | J132: =TRUNC($F132*I132,2) -> 1.15
B133: SINAPI INSUMO | C133: 3518 | D133: JOELHO PVC, SOLDAVEL, PB, 45 GRAUS, DN 50 MM, PARA ESGOTO PREDIAL | E133: UN | F133: 3 | G133: 4.19 | H133: =TRUNC($F133*G133,2) -> 12.57 | I133: 4.19 | J133: =TRUNC($F133*I133,2) -> 12.57
...

Sheet (ORÇAMENTO)
A1: PLANILHA ORÇAMENTÁRIA
A3: OBRA: CONSTRUÇÃO DE CRECHE MUNICIPAL NO BAIRRO SANTO ANTÔNIO MUNICÍPIO DE SURUBIM-PE
A4: LOCALIZAÇÃO: BAIRRO SANTO ANTÔNIO, ZONA URBANA, SURUBIM-PE | K4: 0.205 | L4: 0.2657
A5: FONTES DE PREÇOS: SINAPI JULHO/2023, SEINFRABRIL/2023 E ORSE JUNHO/2023 (TABELAS SEM DESONERAÇÃO)
A6: RESPONSÁVEL TÉCNICO: GERALDO LIMA FERREIRA OLIVEIRA CREA/PE N° 1820382672
A7: DATA: SETEMBRO/2023
G8: BDI (EDIFICAÇÕES) = | I8: 0.205
G9: SEM DESONERAÇÃO | K9: =#REF! -> #REF!
A10: ITEM | B10: REFERÊNCIA | C10: CÓDIGO | D10: DESCRIÇÃO | E10: UN. | F10: QUANTIDADE | G10: CUSTO UNIT.S/ BDI | H10: CUSTO UNIT. C/ BDI | I10: VALOR TOTAL(R$) | K10: =I12 -> 1777687.6
A12: I | D12: CONSTRUÇÃO DE CRECHE MUNICIPAL | I12: =SUM(I13:I176)/2 -> 1777687.6
A13: 1.0 | D13: SERVIÇOS PRELIMINARES | I13: =SUM(I14:I20) -> 56531.79 | J13: 1
A14: 1.1 | B14: COMPOSIÇÃO | C14: 01 | D14: FORNECIMENTO E INSTALAÇÃO DE PLACA DE OBRA COM CHAPA GALVANIZADA E ESTRUTURA DE MADEIRA. | E14: M2 | F14: 4.5 | G14: ='(COMPOSIÇÕES GERAL)'!J24 -> 301.12 | H14: 362.85 | I14: =TRUNC($F14*H14,2) -> 1632.82
A15: 1.2 | B15: SINAPI | C15: 99059 | D15: LOCACAO CONVENCIONAL DE OBRA, UTILIZANDO GABARITO DE TÁBUAS CORRIDAS PONTALETADAS A CADA 2,00M - 2 UTILIZAÇÕES. AF_10/2018 | E15: M | F15: 135.5 | G15: 60.59 | H15: 73.01 | I15: =TRUNC($F15*H15,2) -> 9892.85
A16: 1.3 | B16: SINAPI | C16: 93584 | D16: EXECUÇÃO DE DEPÓSITO EM CANTEIRO DE OBRA EM CHAPA DE MADEIRA COMPENSADA, NÃO INCLUSO MOBILIÁRIO. AF_04/2016 | E16: M2 | F16: 10 | G16: 944,19 | H16: 1137.75 | I16: =TRUNC($F16*H16,2) -> 11377.5
A17: 1.4 | B17: SEINFRA | C17: C2851 | D17: INSTALAÇÕES PROVISÓRIAS DE ÁGUA | E17: UN | F17: 1 | G17: 1394.13 | H17: 1679.93 | I17: =TRUNC($F17*H17,2) -> 1679.93
A18: 1.5 | B18: SEINFRA | C18: C2850 | D18: INSTALAÇÕES PROVISÓRIAS DE LUZ , FORÇA,TELEFONE E LÓGICA | E18: UN | F18: 1 | G18: 2071.13 | H18: 2495.71 | I18: =TRUNC($F18*H18,2) -> 2495.71
A19: 1.6 | B19: SINAPI | C19: 98459 | D19: TAPUME COM TELHA METÁLICA. AF_05/2018 | E19: M2 | F19: 190 | G19: 126,33 | H19: 152.23 | I19: =TRUNC($F19*H19,2) -> 28923.7
A20: 1.7 | B20: SINAPI | C20: 98525 | D20: LIMPEZA MECANIZADA DE CAMADA VEGETAL, VEGETAÇÃO E PEQUENAS ÁRVORES (DIÂMETRO DE TRONCO MENOR QUE 0,20 M), COM TRATOR DE ESTEIRAS.AF_05/2018 | E20: M2 | F20: 1126.13 | G20: 0.39 | H20: 0.47 | I20: =TRUNC($F20*H20,2) -> 529.28
A21: 2.0 | D21: TRABALHOS EM TERRA | I21: =SUM(I22:I24) -> 30270.35 | J21: 2
A22: 2.1 | B22: SINAPI | C22: 93358 | D22: ESCAVAÇÃO MANUAL DE VALA COM PROFUNDIDADE MENOR OU IGUAL A 1,30 M. AF_02/2021 | E22: M3 | F22: 141.55 | G22: 84.18 | H22: 101.44 | I22: =TRUNC($F22*H22,2) -> 14358.83
A23: 2.2 | B23: SINAPI | C23: 93382 | D23: REATERRO MANUAL DE VALAS COM COMPACTAÇÃO MECANIZADA. AF_04/2016 | E23: M3 | F23: 66.05 | G23: 35.58 | H23: 42.87 | I23: =TRUNC($F23*H23,2) -> 2831.56
A24: 2.3 | B24: SINAPI | C24: 94319 | D24: ATERRO MANUAL DE VALAS COM SOLO ARGILO-ARENOSO E COMPACTAÇÃO MECANIZADA. AF_05/2016 | E24: M3 | F24: 133.66 | G24: 81.21 | H24: 97.86 | I24: =TRUNC($F24*H24,2) -> 13079.96
A25: 3.0 | D25: INFRAESTRUTURA | I25: =SUM(I26:I38) -> 168298.59 | J25: 3
A26: 3.1 | B26: SINAPI | C26: 96620 | D26: LASTRO DE CONCRETO MAGRO, APLICADO EM PISOS OU RADIERS. AF_08/2017 | E26: M3 | F26: 8.12 | G26: 630.31 | H26: 759.52 | I26: =TRUNC($F26*H26,2) -> 6167.3
A27: 3.2 | B27: COMPOSIÇÃO | C27: 03 | D27: ALVENARIA EM TIJOLO CERAMICO FURADO 9X19X19CM, 1 VEZ (ESPESSURA 19 CM), ASSENTADO EM ARGAMASSA TRACO 1:4, JUNTAS DE 1 CM | E27: M² | F27: 105.66 | G27: ='(COMPOSIÇÕES GERAL)'!J58 -> 82.91 | H27: 99.91 | I27: =TRUNC($F27*H27,2) -> 10556.49
A28: 3.3 | B28: SINAPI | C28: 96535 | D28: FABRICAÇÃO, MONTAGEM E DESMONTAGEM DE FÔRMA PARA SAPATA, EM MADEIRA SERRADA, E=25 MM, 4 UTILIZAÇÕES. AF_06/2017 | E28: M2 | F28: 113.24 | G28: 158.48 | H28: 190.97 | I28: =TRUNC(F28*H28,2) -> 21625.44 | J28: ok
A29: 3.4 | B29: SINAPI | C29: 96536 | D29: FABRICAÇÃO, MONTAGEM E DESMONTAGEM DE FÔRMA PARA VIGA BALDRAME, EM MADEIRA SERRADA, E=25 MM, 4 UTILIZAÇÕES. AF_06/2017 | E29: M2 | F29: 207.72 | G29: 82.85 | H29: 99.83 | I29: =TRUNC(F29*H29,2) -> 20736.68 | J29: ok
A30: 3.5 | B30: SINAPI | C30: 96544 | D30: ARMAÇÃO DE BLOCO, VIGA BALDRAME OU SAPATA UTILIZANDO AÇO CA-50 DE 6,3 MM - MONTAGEM. AF_06/2017 | E30: KG | F30: 18 | G30: 18,26 | H30: 22 | I30: =TRUNC(F30*H30,2) -> 396 | J30: ok
A31: 3.6 | B31: SINAPI | C31: 96545 | D31: ARMAÇÃO DE BLOCO, VIGA BALDRAME OU SAPATA UTILIZANDO AÇO CA-50 DE 8 MM - MONTAGEM. AF_06/2017 | E31: KG | F31: 637.91 | G31: 17,04 | H31: 20.53 | I31: =TRUNC(F31*H31,2) -> 13096.29 | J31: ok
A32: 3.7 | B32: SINAPI | C32: 96546 | D32: ARMAÇÃO DE BLOCO, VIGA BALDRAME OU SAPATA UTILIZANDO AÇO CA-50 DE 10 MM - MONTAGEM. AF_06/2017 | E32: KG | F32: 872.35 | G32: 15,22 | H32: 18.34 | I32: =TRUNC(F32*H32,2) -> 15998.89 | J32: ok
A33: 3.8 | B33: SINAPI | C33: 96547 | D33: ARMAÇÃO DE BLOCO, VIGA BALDRAME OU SAPATA UTILIZANDO AÇO CA-50 DE 12,5 MM - MONTAGEM. AF_06/2017 | E33: KG | F33: 95 | G33: 12,85 | H33: 15.48 | I33: =TRUNC(F33*H33,2) -> 1470.6 | J33: ok
A34: 3.9 | B34: SINAPI | C34: 96543 | D34: ARMAÇÃO DE BLOCO, VIGA BALDRAME E SAPATA UTILIZANDO AÇO CA-60 DE 5 MM - MONTAGEM. AF_06/2017 | E34: KG | F34: 325.28 | G34: 19,48 | H34: 23.47 | I34: =TRUNC(F34*H34,2) -> 7634.32 | J34: ok
A35: 3.10 | B35: SINAPI | C35: 94971 | D35: CONCRETO FCK = 25MPA, TRAÇO 1:2,3:2,7 (EM MASSA SECA DE CIMENTO/ AREIA MÉDIA/ BRITA 1) - PREPARO MECÂNICO COM BETONEIRA 600 L. AF_05/2021 | E35: M3 | F35: 32.7 | G35: 490.95 | H35: 591.59 | I35: =TRUNC(F35*H35,2) -> 19344.99 | J35: ok
A36: 3.11 | B36: SINAPI | C36: 103670 | D36: LANÇAMENTO COM USO DE BALDES, ADENSAMENTO E ACABAMENTO DE CONCRETO EM ESTRUTURAS. AF_02/2022 | E36: M3 | F36: 32.7 | G36: 288,35 | H36: 347.46 | I36: =TRUNC(F36*H36,2) -> 11361.94 | J36: ok
A37: 3.12 | B37: SINAPI | C37: 98557 | D37: IMPERMEABILIZAÇÃO DE SUPERFÍCIE COM EMULSÃO ASFÁLTICA, 2 DEMÃOS AF_06/2018 | E37: M2 | F37: 256.2 | G37: 42.96 | H37: 51.77 | I37: =TRUNC($F37*H37,2) -> 13263.47
A38: 3.13 | B38: SINAPI | C38: 104487 | D38: COMPOSIÇÃO PARAMÉTRICA PARA EXECUÇÃO DE ESTRUTURAS DE CONCRETO ARMADO, PARA EDIFICAÇÃO HABITACIONAL UNIFAMILIAR TÉRREA (CASA EM EMPREENDIMENTOS), FCK = 25 MPA. AF_11/2022 | E38: M3 | F38: 8.12 | G38: 2.723,28 | H38: 3281.55 | I38: =TRUNC($F38*H38,2) -> 26646.18
A39: 4.0 | D39: ESTRUTURA | I39: =SUM(I40:I55) -> 350794.32 | J39: 4
A40: 4.1 | B40: SINAPI | C40: 92431 | D40: MONTAGEM E DESMONTAGEM DE FÔRMA DE PILARES RETANGULARES E ESTRUTURAS SIMILARES, PÉ-DIREITO SIMPLES, EM CHAPA DE MADEIRA COMPENSADA PLASTIFICADA, 10 UTILIZAÇÕES. AF_09/2020 | E40: M2 | F40: 178.78 | G40: 60.01 | H40: 72.31 | I40: =TRUNC($F40*H40,2) -> 12927.58
A41: 4.2 | B41: SINAPI | C41: 92476 | D41: MONTAGEM E DESMONTAGEM DE FÔRMA DE VIGA, ESCORAMENTO METÁLICO, PÉ-DIREITO SIMPLES, EM CHAPA DE MADEIRA PLASTIFICADA, 14 UTILIZAÇÕES. AF_09/2020 | E41: M2 | F41: 572.29 | G41: 100.7 | H41: 121.34 | I41: =TRUNC($F41*H41,2) -> 69441.66
A42: 4.3 | B42: SINAPI | C42: 92759 | D42: ARMAÇÃO DE PILAR OU VIGA DE UMA ESTRUTURA CONVENCIONAL DE CONCRETO ARMADO EM UM EDIFÍCIO DE MÚLTIPLOS PAVIMENTOS UTILIZANDO AÇO CA-60 DE 5,0 MM - MONTAGEM. AF_12/2015 | E42: KG | F42: 902.63 | G42: 16.06 | H42: 19.35 | I42: =TRUNC($F42*H42,2) -> 17465.89
A43: 4.4 | B43: SINAPI | C43: 92760 | D43: ARMAÇÃO DE PILAR OU VIGA DE UMA ESTRUTURA CONVENCIONAL DE CONCRETO ARMADO EM UM EDIFÍCIO DE MÚLTIPLOS PAVIMENTOS UTILIZANDO AÇO CA-50 DE 6,3 MM - MONTAGEM. AF_12/2015 | E43: KG | F43: 90.36 | G43: 15.55 | H43: 18.74 | I43: =TRUNC($F43*H43,2) -> 1693.34
A44: 4.5 | B44: SINAPI | C44: 92761 | D44: ARMAÇÃO DE PILAR OU VIGA DE UMA ESTRUTURA CONVENCIONAL DE CONCRETO ARMADO EM UM EDIFÍCIO DE MÚLTIPLOS PAVIMENTOS UTILIZANDO AÇO CA-50 DE 8,0 MM - MONTAGEM. AF_12/2015 | E44: KG | F44: 894.83 | G44: 14.88 | H44: 17.93 | I44: =TRUNC($F44*H44,2) -> 16044.3
A45: 4.6 | B45: SINAPI | C45: 92762 | D45: ARMAÇÃO DE PILAR OU VIGA DE UMA ESTRUTURA CONVENCIONAL DE CONCRETO ARMADO EM UM EDIFÍCIO DE MÚLTIPLOS PAVIMENTOS UTILIZANDO AÇO CA-50 DE 10,0 MM - MONTAGEM. AF_12/2015 | E45: KG | F45: 1792.55 | G45: 13.44 | H45: 16.2 | I45: =TRUNC($F45*H45,2) -> 29039.31
A46: 4.7 | B46: SINAPI | C46: 94966 | D46: CONCRETO FCK = 30MPA, TRAÇO 1:2,1:2,5 (EM MASSA SECA DE CIMENTO/ AREIA MÉDIA/ BRITA 1) - PREPARO MECÂNICO COM BETONEIRA 400 L. AF_05/2021 | E46: M3 | F46: 42.88 | G46: 513.92 | H46: 619.27 | I46: =TRUNC($F46*H46,2) -> 26554.29
A47: 4.8 | B47: SINAPI | C47: 103670 | D47: LANÇAMENTO COM USO DE BALDES, ADENSAMENTO E ACABAMENTO DE CONCRETO EM ESTRUTURAS. AF_02/2022 | E47: M3 | F47: 42.88 | G47: 288.35 | H47: 347.46 | I47: =TRUNC($F47*H47,2) -> 14899.08
A48: 4.9 | B48: SINAPI | C48: 93194 | D48: CONTRAVERGA PRÉ-MOLDADA PARA VÃOS DE ATÉ 1,5 M DE COMPRIMENTO. AF_03/2016 | E48: M | F48: 33.1 | G48: 52.98 | H48: 63.84 | I48: =TRUNC($F48*H48,2) -> 2113.1
A49: 4.10 | B49: SINAPI | C49: 93182 | D49: VERGA PRÉ-MOLDADA PARA JANELAS COM ATÉ 1,5 M DE VÃO. AF_03/2016 | E49: M | F49: 33.1 | G49: 54.15 | H49: 65.25 | I49: =TRUNC($F49*H49,2) -> 2159.77
A50: 4.11 | B50: SINAPI | C50: 93195 | D50: CONTRAVERGA PRÉ-MOLDADA PARA VÃOS DE MAIS DE 1,5 M DE COMPRIMENTO. AF_03/2016 | E50: M | F50: 19.7 | G50: 64.71 | H50: 77.98 | I50: =TRUNC($F50*H50,2) -> 1536.2
A51: 4.12 | B51: SINAPI | C51: 93183 | D51: VERGA PRÉ-MOLDADA PARA JANELAS COM MAIS DE 1,5 M DE VÃO. AF_03/2016 | E51: M | F51: 19.7 | G51: 69.24 | H51: 83.43 | I51: =TRUNC($F51*H51,2) -> 1643.57
A52: 4.13 | B52: SINAPI | C52: 93184 | D52: VERGA PRÉ-MOLDADA PARA PORTAS COM ATÉ 1,5 M DE VÃO. AF_03/2016 | E52: M | F52: 43.45 | G52: 40.01 | H52: 48.21 | I52: =TRUNC($F52*H52,2) -> 2094.72
A53: 4.14 | B53: SINAPI | C53: 101963 | D53: LAJE PRÉ-MOLDADA UNIDIRECIONAL, BIAPOIADA, PARA PISO, ENCHIMENTO EM CERÂMICA, VIGOTA CONVENCIONAL, ALTURA TOTAL DA LAJE (ENCHIMENTO+CAPA) = (8+4). AF_11/2020_PA | E53: M2 | F53: 588.32 | G53: 203.91 | H53: 245.71 | I53: =TRUNC($F53*H53,2) -> 144556.1 | J53: OBS. LAJE DO SINAPI, BETA 12, MAIS CARA
A54: 4.15 | B54: SINAPI | C54: 92768 | D54: ARMAÇÃO DE LAJE DE ESTRUTURA CONVENCIONAL DE CONCRETO ARMADO UTILIZANDO AÇO CA-60 DE 5,0 MM - MONTAGEM. AF_06/2022 | E54: KG | F54: 16.02 | G54: 15.04 | H54: 18.12 | I54: =TRUNC($F54*H54,2) -> 290.28
A55: 4.16 | B55: SINAPI | C55: 104487 | D55: COMPOSIÇÃO PARAMÉTRICA PARA EXECUÇÃO DE ESTRUTURAS DE CONCRETO ARMADO, PARA EDIFICAÇÃO HABITACIONAL UNIFAMILIAR TÉRREA (CASA EM EMPREENDIMENTOS), FCK = 25 MPA. AF_11/2022 | E55: M3 | F55: 2.54 | G55: 2.723,28 | H55: 3281.55 | I55: =TRUNC($F55*H55,2) -> 8335.13
A56: 5.0 | D56: PAREDES E REVESTIMENTOS | I56: =SUM(I57:I61) -> 350927.79 | J56: 5
A57: 5.1 | B57: SINAPI | C57: 103329 | D57: ALVENARIA DE VEDAÇÃO DE BLOCOS CERÂMICOS FURADOS NA HORIZONTAL DE 9X19X19 CM (ESPESSURA 9 CM) E ARGAMASSA DE ASSENTAMENTO COM PREPARO MANUAL. AF_12/2021 | E57: M2 | F57: 903.94 | G57: 82.18 | H57: 99.03 | I57: =TRUNC($F57*H57,2) -> 89517.17
A58: 5.2 | B58: SINAPI | C58: 87878 | D58: CHAPISCO APLICADO EM ALVENARIAS E ESTRUTURAS DE CONCRETO INTERNAS, COM COLHER DE PEDREIRO. ARGAMASSA TRAÇO 1:3 COM PREPARO MANUAL. AF_06/2014 | E58: M2 | F58: 2019.2 | G58: 4.76 | H58: 5.74 | I58: =TRUNC($F58*H58,2) -> 11590.2
A59: 5.3 | B59: SINAPI | C59: 89173 | D59: EMBOÇO/MASSA ÚNICA, APLICADO MANUALMENTE, TRAÇO 1:2:8, EM BETONEIRA DE 400L, PAREDES INTERNAS, COM EXECUÇÃO DE TALISCAS, EDIFICAÇÃO HABITACIONAL UNIFAMILIAR (CASAS) E EDIFICAÇÃO PÚBLICA PADRÃO. AF_12/2014 | E59: M2 | F59: 2019.2 | G59: 41.16 | H59: 49.6 | I59: =TRUNC($F59*H59,2) -> 100152.32
A60: 5.4 | B60: COMPOSIÇÃO | C60: 04 | D60: REVESTIMENTO CERÂMICO PARA PAREDE, 10 X 10 CM, APLICADO COM ARGAMASSA COLANTE AC-II, REJUNTADO | E60: M² | F60: 1177.91 | G60: ='(COMPOSIÇÕES GERAL)'!J76 -> 85.13 | H60: 102.58 | I60: =TRUNC($F60*H60,2) -> 120830
A61: 5.5 | B61: SINAPI | C61: 101161 | D61: ALVENARIA DE VEDAÇÃO COM ELEMENTO VAZADO DE CONCRETO (COBOGÓ) DE 7X50X50CM E ARGAMASSA DE ASSENTAMENTO COM PREPARO EM BETONEIRA. AF_05/2020 | E61: M2 | F61: 120.95 | G61: 197,87 | H61: 238.43 | I61: =TRUNC($F61*H61,2) -> 28838.1
A62: 6.0 | D62: PISOS | I62: =SUM(I63:I68) -> 203627.59 | J62: 5
A63: 6.1 | B63: SINAPI | C63: 96620 | D63: LASTRO DE CONCRETO MAGRO, APLICADO EM PISOS OU RADIERS. AF_08/2017 | E63: M3 | F63: 31.2 | G63: 630.31 | H63: 759.52 | I63: =TRUNC($F63*H63,2) -> 23697.02
A64: 6.2 | B64: SINAPI | C64: 87680 | D64: CONTRAPISO EM ARGAMASSA TRAÇO 1:4 (CIMENTO E AREIA), PREPARO MECÂNICO COM BETONEIRA 400 L, APLICADO EM ÁREAS SECAS SOBRE LAJE, NÃO ADERIDO, ESPESSURA 4CM. AF_06/2014 | E64: M2 | F64: 622.61 | G64: 43.05 | H64: 51.88 | I64: =TRUNC($F64*H64,2) -> 32301
A65: 6.3 | B65: SINAPI | C65: 87263 | D65: REVESTIMENTO CERÂMICO PARA PISO COM PLACAS TIPO PORCELANATO DE DIMENSÕES 60X60 CM APLICADA EM AMBIENTES DE ÁREA MAIOR QUE 10 M². AF_02/2023_PE | E65: M2 | F65: 620.71 | G65: 167.85 | H65: 202.26 | I65: =TRUNC($F65*H65,2) -> 125544.8
A66: 6.4 | B66: SINAPI | C66: 92397 | D66: EXECUÇÃO DE PAVIMENTO EM PISO INTERTRAVADO, COM BLOCO RETANGULAR COR NATURAL DE 20 X 10 CM, ESPESSURA 6 CM. AF_10/2022 | E66: M2 | F66: 163.58 | G66: 60.78 | H66: 73.24 | I66: =TRUNC($F66*H66,2) -> 11980.59
A67: 6.5 | B67: SINAPI | C67: 94273 | D67: ASSENTAMENTO DE GUIA (MEIO-FIO) EM TRECHO RETO, CONFECCIONADA EM CONCRETO PRÉ-FABRICADO, DIMENSÕES 100X15X13X30 CM (COMPRIMENTO X BASE INFERIOR X BASE SUPERIOR X ALTURA), PARA VIAS URBANAS (USO VIÁRIO). AF_06/2016 | E67: M | F67: 124.23 | G67: 66.81 | H67: 80.51 | I67: =TRUNC($F67*H67,2) -> 10001.75
A68: 6.6 | B68: SEINFRA | C68: C3141 | D68: COLCHÃO DE AREIA | E68: M3 | F68: 4.61 | G68: 18.44 | H68: 22.22 | I68: =TRUNC($F68*H68,2) -> 102.43
A69: 7.0 | D69: COBERTURA | I69: =SUM(I70:I78) -> 114932.75 | J69: 7
A70: 7.1 | B70: SINAPI | C70: 92544 | D70: TRAMA DE MADEIRA COMPOSTA POR TERÇAS PARA TELHADOS DE ATÉ 2 ÁGUAS PARA TELHA ESTRUTURAL DE FIBROCIMENTO, INCLUSO TRANSPORTE VERTICAL. AF_07/2019 | E70: M2 | F70: 543.1 | G70: 20.79 | H70: 25.05 | I70: =TRUNC($F70*H70,2) -> 13604.65
A71: 7.2 | B71: SINAPI | C71: 94207 | D71: TELHAMENTO COM TELHA ONDULADA DE FIBROCIMENTO E = 6 MM, COM RECOBRIMENTO LATERAL DE 1/4 DE ONDA PARA TELHADO COM INCLINAÇÃO MAIOR QUE 10°, COM ATÉ 2 ÁGUAS, INCLUSO IÇAMENTO. AF_07/2019 | E71: M2 | F71: 543.1 | G71: 61.33 | H71: 73.9 | I71: =TRUNC($F71*H71,2) -> 40135.09
A72: 7.3 | B72: SINAPI | C72: 96113 | D72: FORRO EM PLACAS DE GESSO, PARA AMBIENTES COMERCIAIS. AF_05/2017_P | E72: M2 | F72: 588.32 | G72: 36.34 | H72: 43.79 | I72: =TRUNC($F72*H72,2) -> 25762.53
A73: 7.4 | B73: SINAPI | C73: 103329 | D73: ALVENARIA DE VEDAÇÃO DE BLOCOS CERÂMICOS FURADOS NA HORIZONTAL DE 9X19X19 CM (ESPESSURA 9 CM) E ARGAMASSA DE ASSENTAMENTO COM PREPARO MANUAL. AF_12/2021 | E73: M2 | F73: 22.06 | G73: 82.18 | H73: 99.03 | I73: =TRUNC($F73*H73,2) -> 2184.6
A74: 7.5 | B74: SINAPI | C74: 87879 | D74: CHAPISCO APLICADO EM ALVENARIAS E ESTRUTURAS DE CONCRETO INTERNAS, COM COLHER DE PEDREIRO. ARGAMASSA TRAÇO 1:3 COM PREPARO EM BETONEIRA 400L. AF_06/2014 | E74: M2 | F74: 44.12 | G74: 4.36 | H74: 5.25 | I74: =TRUNC($F74*H74,2) -> 231.63
A75: 7.6 | B75: SINAPI | C75: 98546 | D75: IMPERMEABILIZAÇÃO DE SUPERFÍCIE COM MANTA ASFÁLTICA, UMA CAMADA, INCLUSIVE APLICAÇÃO DE PRIMER ASFÁLTICO, E=3MM. AF_06/2018 | E75: M2 | F75: 120 | G75: 119.04 | H75: 143.44 | I75: =TRUNC($F75*H75,2) -> 17212.8
A76: 7.7 | B76: SINAPI | C76: 98563 | D76: PROTEÇÃO MECÂNICA DE SUPERFÍCIE HORIZONTAL COM ARGAMASSA DE CIMENTO E AREIA, TRAÇO 1:3, E=2CM. AF_06/2018 | E76: M2 | F76: 120 | G76: 35.67 | H76: 42.98 | I76: =TRUNC($F76*H76,2) -> 5157.6
A77: 7.8 | B77: SINAPI | C77: 91790 | D77: (COMPOSIÇÃO REPRESENTATIVA) DO SERVIÇO DE INSTALAÇÃO DE TUBOS DE PVC, SÉRIE R, ÁGUA PLUVIAL, DN 100 MM (INSTALADO EM RAMAL DE ENCAMINHAMENTO, OU CONDUTORES VERTICAIS), INCLUSIVE CONEXÕES, CORTES E FIXAÇÕES, PARA PRÉDIOS. AF_10/2015 | E77: M | F77: 40.3 | G77: 61.46 | H77: 74.06 | I77: =TRUNC($F77*H77,2) -> 2984.61
A78: 7.9 | B78: SINAPI | C78: 91791 | D78: (COMPOSIÇÃO REPRESENTATIVA) DO SERVIÇO DE INSTALAÇÃO DE TUBOS DE PVC, SÉRIE R, ÁGUA PLUVIAL, DN 150 MM (INSTALADO EM CONDUTORES VERTICAIS), INCLUSIVE CONEXÕES, CORTES E FIXAÇÕES, PARA PRÉDIOS. AF_10/2015 | E78: M | F78: 78.5 | G78: 80.97 | H78: 97.57 | I78: =TRUNC($F78*H78,2) -> 7659.24
A79: 8.0 | D79: ESQUADRIAS | I79: =SUM(I80:I88) -> 143872.53 | J79: 8
A80: 8.1 | B80: SINAPI | C80: 90846 | D80: KIT DE PORTA DE MADEIRA PARA PINTURA, PESADA OU SUPERPESADA, PADRÃO MÉDIO, 90X210CM, ESPESSURA DE 3,5CM, ITENS INCLUSOS: DOBRADIÇAS, MONTAGEM E INSTALAÇÃO DO BATENTE, FECHADURA COM EXECUÇÃO DO FURO - FORNECIMENTO E INSTALAÇÃO. AF_12/2019 | E80: UN | F80: 19 | G80: 1.267,54 | H80: 1527.39 | I80: =TRUNC($F80*H80,2) -> 29020.41
A81: 8.2 | B81: SINAPI | C81: 90845 | D81: KIT DE PORTA DE MADEIRA PARA PINTURA, PESADA OU SUPERPESADA, PADRÃO MÉDIO, 80X210CM, ESPESSURA DE 3,5CM, ITENS INCLUSOS: DOBRADIÇAS, MONTAGEM E INSTALAÇÃO DO BATENTE, FECHADURA COM EXECUÇÃO DO FURO - FORNECIMENTO E INSTALAÇÃO. AF_12/2019 | E81: UN | F81: 7 | G81: 1.214,42 | H81: 1463.38 | I81: =TRUNC($F81*H81,2) -> 10243.66
A82: 8.3 | B82: SINAPI | C82: 91341 | D82: PORTA EM ALUMÍNIO DE ABRIR TIPO VENEZIANA COM GUARNIÇÃO, FIXAÇÃO COM PARAFUSOS - FORNECIMENTO E INSTALAÇÃO. AF_12/2019 | E82: M2 | F82: 13.17 | G82: 532,48 | H82: 641.64 | I82: =TRUNC($F82*H82,2) -> 8450.39
A83: 8.4 | B83: COMPOSIÇÃO | C83: 09 | D83: PORTA DE CORRER EM VIDRO TEMPERADO, 2 FOLHAS DE 100X210 CM, ESPESSURA DD 10MM, INCLUSIVE ACESSÓRIOS. AF_01/2021 | E83: UN | F83: 5 | G83: ='(COMPOSIÇÕES GERAL)'!J174 -> 2176.04 | H83: 2622.13 | I83: =TRUNC($F83*H83,2) -> 13110.65
A84: 8.5 | B84: SINAPI | C84: 94570 | D84: JANELA DE ALUMÍNIO DE CORRER COM 2 FOLHAS PARA VIDROS, COM VIDROS, BATENTE, ACABAMENTO COM ACETATO OU BRILHANTE E FERRAGENS. EXCLUSIVE ALIZAR E CONTRAMARCO. FORNECIMENTO E INSTALAÇÃO. AF_12/2019 | E84: M2 | F84: 18.2 | G84: 308.53 | H84: 371.78 | I84: =TRUNC($F84*H84,2) -> 6766.39
A85: 8.6 | B85: SINAPI | C85: 94573 | D85: JANELA DE ALUMÍNIO DE CORRER COM 4 FOLHAS PARA VIDROS, COM VIDROS, BATENTE, ACABAMENTO COM ACETATO OU BRILHANTE E FERRAGENS. EXCLUSIVE ALIZAR E CONTRAMARCO. FORNECIMENTO E INSTALAÇÃO. AF_12/2019 | E85: M2 | F85: 24.57 | G85: 358,33 | H85: 431.79 | I85: =TRUNC($F85*H85,2) -> 10609.08
A86: 8.7 | B86: SINAPI | C86: 99862 | D86: GRADIL EM ALUMÍNIO FIXADO EM VÃOS DE JANELAS, FORMADO POR TUBOS DE 3/4". AF_04/2019 | E86: M2 | F86: 18.78 | G86: 583,42 | H86: 703.02 | I86: =TRUNC($F86*H86,2) -> 13202.71
A87: 8.8 | B87: SEINFRA | C87: C4725 | D87: CERCA/GRADIL NYLOFOR H=2,43M, MALHA 5 X 20CM - FIO 5,00MM, COM FIXADORES DE POLIAMIDA EM POSTE 40 x 60 MM CHUMBADOS EM BASE DE CONCRETO (EXCLUSIVE ESTA), REVESTIDOS EM POLIESTER POR PROCESSO DE PINTURA ELETROSTÁTICA (GRADIL E POSTE), NAS CORES VERDE OU BRANCA FORNECIMENTO E INSTALAÇÃO | E87: M | F87: 88.76 | G87: 446.17 | H87: 537.63 | I87: =TRUNC($F87*H87,2) -> 47720.03
A88: 8.9 | B88: SEINFRA | C88: C1960 | D88: PORTA COMPENSADO P/ARMÁRIO SOB PIA | E88: M2 | F88: 16.84 | G88: 234.04 | H88: 282.02 | I88: =TRUNC($F88*H88,2) -> 4749.21
A89: 9.0 | D89: PINTURA | I89: =SUM(I90:I95) -> 48896.39 | J89: 9
A90: 9.1 | B90: SINAPI | C90: 88485 | D90: APLICAÇÃO DE FUNDO SELADOR ACRÍLICO EM PAREDES, UMA DEMÃO. AF_06/2014 | E90: M2 | F90: 871.87 | G90: 3.96 | H90: 4.77 | I90: =TRUNC($F90*H90,2) -> 4158.81
A91: 9.2 | B91: SINAPI | C91: 88484 | D91: APLICAÇÃO DE FUNDO SELADOR ACRÍLICO EM TETO, UMA DEMÃO. AF_06/2014 | E91: M2 | F91: 569.16 | G91: 4.87 | H91: 5.87 | I91: =TRUNC($F91*H91,2) -> 3340.96
A92: 9.3 | B92: SINAPI | C92: 88497 | D92: APLICAÇÃO E LIXAMENTO DE MASSA LÁTEX EM PAREDES, DUAS DEMÃOS. AF_06/2014 | E92: M2 | F92: 871.87 | G92: 15.77 | H92: 19 | I92: =TRUNC($F92*H92,2) -> 16565.53
A93: 9.5 | B93: SINAPI | C93: 88489 | D93: APLICAÇÃO MANUAL DE PINTURA COM TINTA LÁTEX ACRÍLICA EM PAREDES, DUAS DEMÃOS. AF_06/2014 | E93: M2 | F93: 871.87 | G93: 12.31 | H93: 14.83 | I93: =TRUNC($F93*H93,2) -> 12929.83
A94: 9.6 | B94: SINAPI | C94: 88488 | D94: APLICAÇÃO MANUAL DE PINTURA COM TINTA LÁTEX ACRÍLICA EM TETO, DUAS DEMÃOS. AF_06/2014 | E94: M2 | F94: 569.16 | G94: 14.54 | H94: 17.52 | I94: =TRUNC($F94*H94,2) -> 9971.68
A95: 9.7 | B95: SINAPI | C95: 102218 | D95: PINTURA TINTA DE ACABAMENTO (PIGMENTADA) ESMALTE SINTÉTICO FOSCO EM MADEIRA, 2 DEMÃOS. AF_01/2021 | E95: M2 | F95: 98.7 | G95: 16.22 | H95: 19.55 | I95: =TRUNC($F95*H95,2) -> 1929.58
A96: 10.0 | D96: INSTALAÇÕES HIDROSSANITÁRIAS | I96: =SUM(I97:I132) -> 167696.62 | J96: 10
A97: 10.1 | B97: SINAPI | C97: 89957 | D97: PONTO DE CONSUMO TERMINAL DE ÁGUA FRIA (SUBRAMAL) COM TUBULAÇÃO DE PVC, DN 25 MM, INSTALADO EM RAMAL DE ÁGUA, INCLUSOS RASGO E CHUMBAMENTO EM ALVENARIA. AF_12/2014 | E97: UN | F97: 51 | G97: 141.29 | H97: 170.25 | I97: =TRUNC($F97*H97,2) -> 8682.75
A98: 10.2 | B98: COMPOSIÇÃO | C98: 05 | D98: PONTO DE ESGOTO COM TUBO DE PVC RÍGIDO SOLDÁVEL DE Ø 100 MM (VASO SANITÁRIO, RALO, ETC) | E98: UN | F98: 12 | G98: ='(COMPOSIÇÕES GERAL)'!J95 -> 126.49 | H98: 152.42 | I98: =TRUNC($F98*H98,2) -> 1829.04
A99: 10.3 | B99: COMPOSIÇÃO | C99: 06 | D99: PONTO DE ESGOTO COM TUBO DE PVC RÍGIDO SOLDÁVEL DE Ø 40 MM (LAVATÓRIOS, MICTÓRIOS, RALOS SIFONADOS, ETC.) | E99: UN | F99: 2 | G99: ='(COMPOSIÇÕES GERAL)'!J117 -> 86.26 | H99: 103.94 | I99: =TRUNC($F99*H99,2) -> 207.88
A100: 10.4 | B100: COMPOSIÇÃO | C100: 07 | D100: PONTO DE ESGOTO COM TUBO DE PVC RÍGIDO SOLDÁVEL DE Ø 50 MM (PIAS DE COZINHA, MÁQUINAS DE LAVAR, ETC.) | E100: UN | F100: 52 | G100: ='(COMPOSIÇÕES GERAL)'!J139 -> 137.57 | H100: 165.77 | I100: =TRUNC($F100*H100,2) -> 8620.04
A101: 10.5 | B101: SINAPI | C101: 91785 | D101: (COMPOSIÇÃO REPRESENTATIVA) DO SERVIÇO DE INSTALAÇÃO DE TUBOS DE PVC, SOLDÁVEL, ÁGUA FRIA, DN 25 MM (INSTALADO EM RAMAL, SUB-RAMAL, RAMAL DE DISTRIBUIÇÃO OU PRUMADA), INCLUSIVE CONEXÕES, CORTES E FIXAÇÕES, PARA PRÉDIOS. AF_10/2015 | E101: M | F101: 16 | G101: 43.66 | H101: 52.61 | I101: =TRUNC($F101*H101,2) -> 841.76
A102: 10.6 | B102: SINAPI | C102: 91786 | D102: (COMPOSIÇÃO REPRESENTATIVA) DO SERVIÇO DE INSTALAÇÃO TUBOS DE PVC, SOLDÁVEL, ÁGUA FRIA, DN 32 MM (INSTALADO EM RAMAL, SUB-RAMAL, RAMAL DE DISTRIBUIÇÃO OU PRUMADA), INCLUSIVE CONEXÕES, CORTES E FIXAÇÕES, PARA PRÉDIOS. AF_10/2015 | E102: M | F102: 59 | G102: 30.91 | H102: 37.25 | I102: =TRUNC($F102*H102,2) -> 2197.75
...

Sheet CRONOGRAMA ONERADO
A1: CRONOGRAMA FÍSICO-FINANCEIRO
A3: OBRA: CONSTRUÇÃO DE CRECHE MUNICIPAL NO BAIRRO SANTO ANTÔNIO MUNICÍPIO DE SURUBIM-PE
A4: LOCALIZAÇÃO: BAIRRO SANTO ANTÔNIO, ZONA URBANA, SURUBIM-PE
A5: DATA: SETEMBRO/2023
A7: ETAPA | B7: SERVIÇO | C7: UNIDADE | D7: TOTAL ETAPA (R$) | E7: MÊS/ DESEMBOLSO
E8: 1º MÊS | F8: 2º MÊS | G8: 3º MÊS | H8: 4º MÊS | I8: 5º MÊS | J8: 6º MÊS | K8: 7º MÊS | L8: 8º MÊS | M8: 9º MÊS | N8: 10º MÊS
A10: 1.0 | B10: SERVIÇOS PRELIMINARES | C10: R$ | D10: 56531.79 | E10: =TRUNC($D10*E11,2) -> 56531.79 | P10: =D10-SUM(E10:N10) -> 0
C11: % | D11: 0.031800745 | E11: 1 | P11: =1-SUM(E11:N11) -> 0
A12: 2.0 | B12: TRABALHOS EM TERRA | C12: R$ | D12: 30270.35 | E12: =TRUNC($D12*E13,2) -> 18162.21 | F12: =TRUNC($D12*F13,2) -> 12108.14 | P12: =D12-SUM(E12:N12) -> 0
C13: % | D13: 0.017027936 | E13: 0.6 | F13: 0.4 | P13: =1-SUM(E13:N13) -> 0
A14: 3.0 | B14: INFRAESTRUTURA | C14: R$ | D14: 168298.59 | E14: =TRUNC($D14*E15,2) -> 84149.29 | F14: =TRUNC($D14*F15,2)+0.02 -> 50489.59 | H14: =TRUNC($D14*H15,2) -> 33659.71 | P14: =D14-SUM(E14:N14) -> 0
C15: % | D15: 0.09467276 | E15: 0.5 | F15: 0.3 | H15: 0.2 | P15: =1-SUM(E15:N15) -> 0
A16: 4.0 | B16: ESTRUTURA | C16: R$ | D16: 350794.32 | F16: =TRUNC($D16*F17,2) -> 122778.01 | G16: =TRUNC($D16*G17,2) -> 122778.01 | H16: =TRUNC($D16*H17,2)+0.01 -> 105238.3 | P16: =D16-SUM(E16:N16) -> 0
C17: % | D17: 0.19733182 | F17: 0.35 | G17: 0.35 | H17: 0.3 | P17: =1-SUM(E17:N17) -> 0
A18: 5.0 | B18: PAREDES E REVESTIMENTOS | C18: R$ | D18: 350927.79 | G18: =TRUNC($D18*G19,2) -> 52639.16 | I18: =TRUNC($D18*I19,2)+0.01 -> 122824.73 | J18: =TRUNC($D18*J19,2)+0.01 -> 140371.12 | K18: =TRUNC($D18*K19,2)+0.01 -> 35092.78 | P18: =D18-SUM(E18:N18) -> 0
C19: % | D19: 0.1974069 | G19: 0.15 | I19: 0.35 | J19: 0.4 | K19: 0.1 | P19: =1-SUM(E19:N19) -> 0
A20: 6.0 | B20: PISOS | C20: R$ | D20: 203627.59 | I20: =TRUNC($D20*I21,2) -> 40725.51 | K20: =TRUNC($D20*K21,2)+0.01 -> 81451.04 | L20: =TRUNC($D20*L21,2)+0.01 -> 81451.04 | P20: =D20-SUM(E20:N20) -> 0
C21: % | D21: 0.11454633 | I21: 0.2 | K21: 0.4 | L21: 0.4 | P21: =1-SUM(E21:N21) -> 0
A22: 7.0 | B22: COBERTURA | C22: R$ | D22: 114932.75 | K22: =TRUNC($D22*K23,2) -> 57466.37 | L22: =TRUNC($D22*L23,2)+0.01 -> 17239.92 | M22: =TRUNC($D22*M23,2) -> 40226.46 | P22: =D22-SUM(E22:N22) -> 0
C23: % | D23: 0.064652952 | K23: 0.5 | L23: 0.15 | M23: 0.35 | P23: =1-SUM(E23:N23) -> 0
A24: 8.0 | B24: ESQUADRIAS | C24: R$ | D24: 143872.53 | J24: =TRUNC($D24*J25,2)+0.01 -> 28774.51 | M24: =TRUNC($D24*M25,2) -> 57549.01 | N24: =TRUNC($D24*N25,2) -> 57549.01 | P24: =D24-SUM(E24:N24) -> 0
C25: % | D25: 0.080932404 | J25: 0.2 | M25: 0.4 | N25: 0.4 | P25: =1-SUM(E25:N25) -> 0
A26: 9.0 | B26: PINTURA | C26: R$ | D26: 48896.39 | M26: =TRUNC($D26*M27,2) -> 9779.27 | N26: =TRUNC($D26*N27,2)+0.01 -> 39117.12 | P26: =D26-SUM(E26:N26) -> 0
C27: % | D27: 0.027505615 | M27: 0.2 | N27: 0.8 | P27: =1-SUM(E27:N27) -> 0
A28: 10.0 | B28: INSTALAÇÕES HIDROSSANITÁRIAS | C28: R$ | D28: 167696.62 | H28: =TRUNC($D28*H29,2) -> 16769.66 | L28: =TRUNC($D28*L29,2) -> 67078.64 | M28: =TRUNC($D28*M29,2)+0.01 -> 41924.16 | N28: =TRUNC($D28*N29,2)+0.01 -> 41924.16 | P28: =D28-SUM(E28:N28) -> 0
C29: % | D29: 0.094334135 | H29: 0.1 | L29: 0.4 | M29: 0.25 | N29: 0.25 | P29: =1-SUM(E29:N29) -> 0
A30: 11.0 | B30: INSTALAÇÕES ELÉTRICAS | C30: R$ | D30: 47158.07 | H30: =TRUNC($D30*H31,2) -> 9431.61 | L30: =TRUNC($D30*L31,2) -> 18863.22 | M30: =TRUNC($D30*M31,2)+0.01 -> 9431.62 | N30: =TRUNC($D30*N31,2)+0.01 -> 9431.62 | P30: =D30-SUM(E30:N30) -> 0
C31: % | D31: 0.02652776 | H31: 0.2 | L31: 0.4 | M31: 0.2 | N31: 0.2 | P31: =1-SUM(E31:N31) -> 0
A32: 12.0 | B32: SERVIÇOS COMPLEMENTARES | C32: R$ | D32: 42798.31 | M32: =TRUNC($D32*M33,2)+0.01 -> 17119.33 | N32: =TRUNC($D32*N33,2) -> 25678.98 | P32: =D32-SUM(E32:N32) -> 0
C33: % | D33: 0.024075271 | M33: 0.4 | N33: 0.6 | P33: =1-SUM(E33:N33) -> 0
A34: 13.0 | B34: ADMINISTRAÇÃO LOCAL | C34: R$ | D34: 51882.48 | E34: =TRUNC($D34*E35,2) -> 5188.24 | F34: =TRUNC($D34*F35,2) -> 5188.24 | G34: =TRUNC($D34*G35,2) -> 5188.24 | H34: =TRUNC($D34*H35,2) -> 5188.24 | I34: =TRUNC($D34*I35,2) -> 5188.24 | J34: =TRUNC($D34*J35,2) -> 5188.24 | K34: =TRUNC($D34*K35,2) -> 5188.24 | L34: =TRUNC($D34*L35,2) -> 5188.24 | M34: =TRUNC($D34*M35,2) -> 5188.24 | N34: =TRUNC($D34*N35,2)+0.08 -> 5188.32 | P34: =D34-SUM(E34:N34) -> 0
C35: % | D35: 0.029185376 | E35: 0.1 | F35: 0.1 | G35: 0.1 | H35: 0.1 | I35: 0.1 | J35: 0.1 | K35: 0.1 | L35: 0.1 | M35: 0.1 | N35: 0.1 | P35: =1-SUM(E35:N35) -> 0
C37: TOTAL R$ | D37: =SUM(D10,D12,D14,D16,D18,D20,D22,D24,D26,D28,D30,D32,D34,) -> 1777687.6
C38: TOTAL % | D38: =D37/$D$37 -> 1
A40: TOTAIS PARCIAIS | E40: =SUM(E10,E12,E14,E16,E18,E20,E22,E24,,E26,,E28,E30,E32,E34,) -> 164031.53 | F40: =SUM(F10,F12,F14,F16,F18,F20,F22,F24,,F26,,F28,F30,F32,F34,) -> 190563.98 | G40: =SUM(G10,G12,G14,G16,G18,G20,G22,G24,,G26,,G28,G30,G32,G34,) -> 180605.41 | H40: =SUM(H10,H12,H14,H16,H18,H20,H22,H24,,H26,,H28,H30,H32,H34,) -> 170287.52 | I40: =SUM(I10,I12,I14,I16,I18,I20,I22,I24,,I26,,I28,I30,I32,I34,) -> 168738.48 | J40: =SUM(J10,J12,J14,J16,J18,J20,J22,J24,,J26,,J28,J30,J32,J34,) -> 174333.87 | K40: =SUM(K10,K12,K14,K16,K18,K20,K22,K24,,K26,,K28,K30,K32,K34,) -> 179198.43 | L40: =SUM(L10,L12,L14,L16,L18,L20,L22,L24,,L26,,L28,L30,L32,L34,) -> 189821.06 | ... N40: =SUM(N10,N12,N14,N16,N18,N20,N22,N24,,N26,,N28,N30,N32,N34,) -> 178889.21 | P40: =D37-SUM(E40:N40) -> 0
E41: =E40/$D$37 -> 0.092272417 | F41: =F40/$D$37 -> 0.10719768 | G41: =G40/$D$37 -> 0.1015957 | H41: =H40/$D$37 -> 0.09579159 | I41: =I40/$D$37 -> 0.094920211 | J41: =J40/$D$37 -> 0.098067777 | K41: =K40/$D$37 -> 0.10080423 | L41: =L40/$D$37 -> 0.10677976 | ... N41: =N40/$D$37 -> 0.10063029 | P41: =1-SUM(E41:N41) -> 0
A43: TOTAIS ACUMULADOS | E43: =E40 -> 164031.53 | F43: =F40+E43 -> 354595.51 | G43: =G40+F43 -> 535200.92 | H43: =H40+G43 -> 705488.44 | I43: =I40+H43 -> 874226.92 | J43: =J40+I43 -> 1048560.8 | K43: =K40+J43 -> 1227759.2 | L43: =L40+K43 -> 1417580.3 | M43: =M40+L43 -> 1598798.4 | N43: =N40+M43 -> 1777687.6
E44: =E43/$D$37 -> 0.092272417 | F44: =F43/$D$37 -> 0.19947009 | G44: =G43/$D$37 -> 0.30106579 | H44: =H43/$D$37 -> 0.39685738 | I44: =I43/$D$37 -> 0.49177759 | J44: =J43/$D$37 -> 0.58984537 | K44: =K43/$D$37 -> 0.6906496 | L44: =L43/$D$37 -> 0.79742937 | ... N44: =N43/$D$37 -> 1
M45: TOTAL GERAL | N45: =N43 -> 1777687.6
P47: MEDIA/MÊS | Q47: =#REF!/10 -> #REF!

Sheet BDI_EDIFICACOES_20,50%_SEM
B2: COMPOSIÇÃO DE BDI PARA SERVIÇOS GERAIS DE EDIFICAÇÕES
B4: CÁLCULO DE BDI – SEM DESONERAÇÃO
B6: OBRA: CONSTRUÇÃO DE CRECHE MUNICIPAL NO BAIRRO SANTO ANTÔNIO MUNICÍPIO DE SURUBIM-PE
B7: LOCALIZAÇÃO: BAIRRO SANTO ANTÔNIO, ZONA URBANA, SURUBIM-PE
B8: DATA: SETEMBRO/2023
B10: DESCRIÇÃO | C10: SIGLA | D10: VALOR (*) | F10: FAIXA REFERENCIAL - Ref. Acórdão 2622/2013
B12: Administração Central | C12: AC | D12: 0.0355 | E12: med | F12: De 3,00% até 5,50%; médio = 4,00%
B13: Despesas Financeiras | C13: DF | D13: 0.0113 | E13: med | F13: De 0,59% até 1,39%; médio = 1,23%
B14: Risco | C14: R | D14: 0.0097 | E14: med | F14: De 0,97% até 1,27%; médio = 1,27%
B15: Seguro e Taxa de Garantia | C15: S + G | D15: 0.008 | E15: *med=min | F15: De 0,80% até 1,00%; médio = 0,80%
B16: COFINS | C16: COFINS | D16: 0.03
B17: ISS (**) | C17: ISS | D17: 0.025 | E17: =0.05*0.5 -> 0.025
B18: PIS | C18: PIS | D18: 0.0065
B19: CONTRIBUIÇÃO PREVIDENCIÁRIA SOBRE RECEITA BRUTA (***) | C19: CPRB | D19: 0 | E19: *
B20: Tributos (Soma dos itens COFINS, ISS, PIS e CPRB) | C20: I | D20: =SUM(D16:D19) -> 0.0615
B21: Lucro | C21: L | D21: 0.0618 | E21: min-med | F21: De 6,16% até 8,96%; médio = 7,40%
B23: BDI Resultante | D23: =ROUND((((1+D12+D15+D14)*(1+D13)*(1+D21))/(1-D20))-1,4) -> 0.205 | E23: (BDI padrão Edificações com CPRB considerando M.O. de 40%)
F24: De 20,34% até 25,00%; médio = 22,12%
B27: Fórmula do BDI conforme Acórdão TCU 2622/2013-P:
B35: Obs.:
B36: (*) Todas as taxas adotadas estão na faixa admissível do Acórdão 2622/2013-P do TCU.
B37: (**) A alíquota de ISS no Município de Surubim/PE é de 5% sobre os custos de mão de obra. Considerou-se para todos os serviços uma proporção de 50% de mão de obra, de modo que a taxa de ISS a incidir sobre os custos unitários dos itens será de 5% x 50% = 2,50%.
B38: (***) Declaro para os devidos fins que o regime de Contribuição Previdenciária sobre a Receita Bruta adotado para elaboração do orçamento foi SEM Desoneração , e que esta é a alternativa mais adequada para a Administração Pública. | F38: Obs.: 1. Acompanhar a questão, pois existe a possibilidade da Lei da Desoneração vencer ou ser revogada. 2. As atividades incluídas na desoneração são as relativas aos grupos 412, 432, 433 e 439 da CNAE 2.0
B41: Obs.:
B42: Os custos indiretos são decorrentes da estrutura da obra e da empresa e que não podem ser atribuídos diretamente à execução de um dado serviço. Os custos indiretos variam muito, principalmente, em função do local de execução dos serviços, do tipo da obra, impostos incidentes, e ainda com as exigências do edital ou contrato. Devem ser distribuídos pelos custos unitários diretos totais dos serviços na forma de percentual destes. Os custos indiretos que mais afetam a construção estão a seguir identificados, entretanto, o engenheiro de custos deve analisar em cada caso sua validade.
B56: Fórmula BDI conforme Acórdão TCU 325/2007:
